 Dungeon Crawl Stone Soup version 0.29-a0-330-g52719c12eb (webtiles) character file.

Game seed: 15611049958669204113

517 wakim the Insei (level 7, -3/46 HPs)
             Began as an Octopode Transmuter on Apr 20, 2022.
             Slain by an orc wizard
             ... wielding a +0 dagger
              (4 damage)
             ... on level 3 of the Dungeon.
             The game lasted 00:12:17 (3481 turns).

wakim the Insei (Octopode Transmuter)               Turns: 3481, Time: 00:12:18

Health: -3/46      AC:  1    Str:  9    XL:     7   Next: 20%
Magic:  9/10       EV: 13    Int: 18    God:
Gold:   225        SH:  0    Dex: 12    Spells: 6/10 levels left

rFire   . . .      SeeInvis .     - Unarmed
rCold   . . .      Faith    .   (no shield)
rNeg    . . .      Spirit   .   (helmet currently unavailable)
rPois   .          Reflect  .   W - amulet of regeneration
rElec   .          Harm     .   (no ring)
rCorr   .          Rampage  .   (no ring)
Will    .....                   (no ring)
Stlth   ++........              (no ring)
HPRegen 0.95/turn               (no ring)
MPRegen 0.12/turn               (no ring)
                                (no ring)
                                (no ring)

@: confused, appendages
A: tentacle spike 3, almost no armour, amphibious, 8 rings, camouflage 1,
gelatinous body 1, (nimble swimmer 1), tentacles
a: End Transformation


You were on level 3 of the Dungeon.
One of your tentacles had grown a beastly spike.
You visited 1 branch of the dungeon, and saw 3 of its levels.
You also visited: Sewer.

You collected 225 gold pieces.

Inventory:

Hand Weapons
 a - a +1 dagger of speed
Missiles
 G - an atropa-tipped dart
 H - 5 poisoned darts
 U - 2 throwing nets {=f!f}
Magical Staves
 O - a staff of cold
Jewellery
 K - an amulet of reflection
 W - an amulet of regeneration (around mantle)
Wands
 y - a wand of paralysis (5)
Scrolls
 J - 2 scrolls of identify {unknown}
 Q - a scroll of immolation {!r!r}
 R - a scroll of magic mapping {!r}
 S - 2 scrolls of fear {unknown}
 V - 2 scrolls of vulnerability {!r!r}
 X - a scroll of silence {unknown}
 Y - a scroll of blinking {!r}
Potions
 F - a potion of berserk rage {unknown}
 I - 2 potions of might {unknown}
 L - 2 potions of lignification {!q}
 M - a potion of ambrosia {unknown}
 N - 3 potions of curing {unknown}
 P - a potion of haste {unknown}
 T - a potion of invisibility {unknown}
 Z - a potion of attraction {unknown}


   Skills:
 + Level 3.6 Fighting
 - Level 2.0 Dodging
 - Level 5.0 Stealth
 * Level 6.0 Unarmed Combat
 - Level 2.0 Spellcasting
 - Level 2.0 Transmutations


You had 6 spell levels left.
You knew the following spells:

 Your Spells              Type           Power      Damage    Failure   Level
a - Beastly Appendage     Tmut           18%        N/A       8%          1
x - Spider Form           Tmut/Pois      5%         N/A       34%         3

Your spell library contained the following spells:

 Spells                   Type           Power      Damage    Failure   Level
 Wereblood                Tmut           9%         N/A       12%         2
 Ice Form                 Ice/Tmut       5%         N/A       75%         4


Dungeon Overview and Level Annotations

Branches:
Dungeon (3/15)              Sewer (visited)

Altars:
Fedhas

Shops:
D:1 [

Annotations:
D:2 Sigmund


Innate Abilities, Weirdness & Mutations

One of your tentacles has grown a beastly spike.
You cannot wear most types of armour.
You are amphibious.
You can wear up to eight rings at the same time.
Your skin changes colour to match your surroundings (Stealth+).
Your rubbery body absorbs attacks. (AC +1, EV +1)
((You are camouflaged when in or above water. (Stealth+)))
You have tentacles for arms and can constrict up to eight enemies at once.


Message History

The magic dart hits you!
* * * LOW HITPOINT WARNING * * *
You feel sick.
You're too confused to cast spells.
Sorry, you're not good enough to have a special ability.
Unknown command.
You feel less confused.
You feel sick.
You miss something.
You feel sick.
You are no longer poisoned.
Something hits you.
* * * LOW HITPOINT WARNING * * *
You miss something. Something hits you.
* * * LOW HITPOINT WARNING * * *
You miss something. Something hits you.
* * * LOW HITPOINT WARNING * * *
You miss something. Your squeeze misses something. Something hits you.
* * * LOW HITPOINT WARNING * * *
You miss something. You squeeze something.
Something hits you but does no damage.
Unknown command.
You tentacle-slap something but do no damage.
Something hits you.
* * * LOW HITPOINT WARNING * * *
You miss something. Something hits you.
* * * LOW HITPOINT WARNING * * *
Casting: Spider Form (quite dangerous; 34% risk of failure)
Confirm with . or Enter, or press ? or * to list all spells.
One of your tentacles grows a vicious spike.
Something hits you.
* * * LOW HITPOINT WARNING * * *
You tentacle-slap something. Your squeeze misses something.
You hear some strange, mumbled words.
You are confused.
You hear some strange, mumbled words.
A magic dart appears from out of thin air!
The magic dart hits you.
* * * LOW HITPOINT WARNING * * *
Something hits you.
You die...

## #############.
#.............
#.###########. #########
#.#.....# #. ###.....))#
#.###.#.# #.
........#{###.......# #.
###.###.#@........#######.
#.#........(........
#.#.#####†....######
#.#.#####.###.#
#.#......†.##.#
#.#######..##.######
........>..##......# ..#
#################.# ##..#
#.#


There were no monsters in sight!

Vanquished Creatures
  A sky beast (D:3)
  An ogre (D:3)
  2 bullfrogs (Sewer)
  An orc wizard (D:3)
  Robin (D:2)
  A gnoll (D:3)
  3 adders
  2 worms
  A dart slug (D:1)
  4 orcs (D:3)
  9 bats
  10 endoplasms
  14 giant cockroaches
  11 goblins
  7 hobgoblins
  A kobold (D:1)
  14 quokkas
  17 ball pythons
  14 frilled lizards
  9 rats
123 creatures vanquished.

Notes
Turn   | Place    | Note
-------+----------+-------------------------------------------
     0 | D:1      | wakim the Octopode Transmuter began the quest for the Orb.
     0 | D:1      | Reached XP level 1. HP: 13/13 MP: 3/3
   104 | D:1      | !bestwep
   200 | D:1      | Reached skill level 1 in Stealth
   203 | D:1      | Reached XP level 2. HP: 12/18 MP: 3/5
   568 | D:1      | Found Qumuhuad's Armour Shoppe.
   859 | D:1      | !bestwep
   886 | D:1      | !bestwep
   904 | D:1      | Reached XP level 3. HP: 12/23 MP: 4/6
  1583 | D:1      | Learned a level 3 spell: Spider Form
  1612 | D:2      | Noticed Sigmund
  2152 | D:2      | Found a blossoming altar of Fedhas.
  2283 | D:2      | Reached XP level 4. HP: 27/29 MP: 5/7
  2380 | D:2      | Noticed Robin
  2390 | D:2      | Killed Robin
  2538 | D:3      | Reached skill level 4 in Unarmed Combat
  2545 | D:3      | Found a glowing drain.
  2550 | Sewer    | Entered a sewer
  2670 | Sewer    | Reached XP level 5. HP: 34/34 MP: 8/8
  2859 | Sewer    | Reached skill level 5 in Stealth
  2859 | Sewer    | Reached XP level 6. HP: 27/41 MP: 9/9
  2886 | Sewer    | !bestwep
  2933 | D:3      | Reached skill level 5 in Unarmed Combat
  3031 | D:3      | Noticed a sky beast
  3106 | D:3      | Killed a sky beast
  3154 | D:3      | Reached XP level 7. HP: 41/46 MP: 7/10
  3464 | D:3      | Reached skill level 6 in Unarmed Combat
  3480 | D:3      | HP: 1/46 [something/magic dart (6)]
  3481 | D:3      | Slain by an orc wizard

Illustrated notes . #####.. ..... ... #########.###### #.......@....... #.##..#.#>##..## #..†|.##.## #.##.## ## #.>### # #.##.## ### ##.# #.....###.## .... #.##..##>#<#..##.# #................# Turn 104 on D:1: !bestwep ) . .# . .###.. #...... ....... ####################......# ......(..)......@.....>...g ####################......# ....... ....... #....... #...##.. #...# . #...## #....+ Turn 859 on D:1: !bestwep ) #### . .... .# #### .###. #..... ...... ###########################...... .............(..@............>... ...########################...... ...# ...... ...# ...... ...# #...... ...# #...##. ...# #...# #### #...## #....+ Turn 886 on D:1: !bestwep

#≈≈≈##≈≈≈≈≈≈≈##≈≈##
##≈≈##≈≈≈≈.≈†.≈##≈.##
#.≈≈#≈≈≈.≈≈.≈†≈.≈≈≈≈#
#.≈##≈≈≈#######≈≈≈≈≈#
##≈≈#.≈≈##≈≈≈≈≈###≈#######
#≈≈≈#≈≈##≈≈≈.≈†≈≈###.≈≈≈≈#
#≈≈##≈≈#≈≈≈..≈.≈≈≈.#≈≈≈≈≈#
#≈.#≈≈##≈≈.....##..#≈≈†≈≈#
#.≈#≈.#≈≈..@.≈≈≈#.≈#≈≈#≈≈#
#≈.#.†#≈≈.†.≈≈.≈#≈.#≈≈#†≈#
#≈≈#..#≈≈.[.≈≈≈≈#≈†##≈#..#
#≈†#≈.#≈≈≈.≈≈≈≈≈#≈≈.#≈#†≈#
#≈≈#≈≈#≈≈≈≈.≈.≈≈#≈≈∩#≈#≈≈#
#≈≈#.≈##≈≈...≈≈##≈..#≈#≈≈#
#≈≈##≈≈#≈≈..≈≈≈#≈≈###.#..#
#≈..#≈≈##≈≈≈≈≈##≈≈#.≈≈#≈.#
##.≈#.≈≈##≈≈≈##††≈#≈†##.##


Turn 2886 on Sewer: !bestwep

Levels and vault maps discovered:
D:1:      onia_arrival_handbag, layout_basic, serial_shops, shop_coins
D:2:      layout_basic, basic_altar, uniq_robin, uniq_sigmund
D:3:      layout_basic, gup_sewer_entry_bowl, ebering_ghost_sewer_d,
          minmay_joined_circles

Skill      XL: |  1  2  3  4  5  6  7 |
---------------+----------------------+-----
Stealth        | 1 2 3 5 |  5.0
Fighting       | 2 3 |  3.6
Unarmed Combat | 4 5 6 |  6.0
Dodging        | |  2.0
Spellcasting   | |  2.0
Transmutations | |  2.0

Action                   |  1- 3 |  4- 6 |  7- 9 || total
-------------------------+-------+-------+-------++-------
Melee: Unarmed           |    87 |   134 |    35 ||   256
       Tentacles         |    18 |    24 |     4 ||    46
       Constrict         |    23 |    28 |     4 ||    55
       Kick              |    17 |    27 |     3 ||    47
       Punch             |     2 |     1 |     2 ||     5
Throw: Dart              |       |     1 |       ||     1
 Cast: Beastly Appendage |    31 |    23 |     8 ||    62
       Spider Form       |     1 |     4 |     1 ||     6
  Use: Scroll            |     4 |       |       ||     4
 Stab: Sleeping          |    11 |    12 |     7 ||    30
       Distracted        |     1 |       |       ||     1
Armor: Skin              |     4 |    20 |     3 ||    27
Dodge: Dodged            |    40 |    97 |    10 ||   147

Table legend: (Time is in decaauts)
 A = Elapsed time spent in this place.
 B = Non-inter-level travel time spent in this place.
 C = Inter-level travel time spent in this place.
 D = Time resting spent in this place.
 E = Time spent auto-exploring this place.
 F = Levels seen in this place.
 G = Mean time per level.
                   A        B        C        D        E       F      G
               +--------+--------+--------+--------+--------+-----+--------+
         Total |   3464 |   3222 |    242 |     62 |   2114 |   4 |  866.0 |
       Dungeon |   3121 |   2879 |    242 |     62 |   2026 |   3 | 1040.3 |
         Sewer |    343 |    343 |      0 |      0 |     88 |   1 |  343.0 |
               +--------+--------+--------+--------+--------+-----+--------+

Top non-repeatable levels by time:
     D:1: 1732 daAuts
     D:2: 759 daAuts
     D:3: 628 daAuts
   Sewer: 343 daAuts
